AoeStats
← Nikox_2015

Black Forest

505988479Analyzed
2v2 RM · 20d ago on Sep 11, 2026· 124m 47s· 4 players
Game mode
Random Map
Map size
Medium (4 player)
Population
200
Speed
Normal
Resources
Standard
Victory
Conquest
Starting age
Dark Age
Ending age
Imperial Age
RankedLock teamsTeams togetherTeam positionsShared explorationLock speedFull tech treeHidden civsTurbo modeCheats
Victory
Defeat
🇷🇸 Hindustanis · Serbia
935
+18
🇷🇸 Franks · Serbia
932
+18
🇨🇱 Mapuche · Chile
1105
-24
🇨🇱 Britons · Chile
831
-12
pabloyx
0:31 Loom
11:09 Feudal Age
15:45 Castle Age
14:38 Double-Bit Axe
15:35 Gold Mining
15:38 Stone Mining
15:58 Horse Collar
26:39 Wheelbarrow
28:23 Malon
28:48 Bow Saw
28:27 Town Watch
29:41 Gold Shaft Mining
29:42 Stone Shaft Mining
29:24 Heavy Plow
29:28 Murder Holes
30:15 Hand Cart
29:48 Pikeman
29:50 Elite Skirmisher
34:08 Imperial Age
32:28 Ballistics
32:30 Town Patrol
32:45 Treadmill Crane
32:50 Champi Runner
33:15 Arson
34:28 Devotion
34:22 Halberdier
35:33 Crop Rotation
35:11 Scale Mail Armor
36:37 Chemistry
35:48 Masonry
35:42 Caravan
36:15 Coinage
37:01 Butalmapu
38:01 Forging
38:06 Chain Mail Armor
38:01 Elite Bolas Rider
39:09 Conscription
41:34 Banking
40:51 Champi Warrior
41:34 Heavy Scorpion
43:14 Plate Mail Armor
43:19 Iron Casting
42:43 Fletching
42:53 Padded Archer Armor
43:03 Elite Kona
44:19 Hoardings
43:14 Sappers
45:17 Blast Furnace
44:13 Bodkin Arrow
44:33 Leather Archer Armor
46:55 Ring Archer Armor
47:01 Onager
55:20 Elite Champi Warrior
Nikox_2015
0:30 Loom
14:06 Feudal Age
19:44 Castle Age
21:56 Pikeman
23:52 Man-at-Arms
25:12 Double-Bit Axe
25:11 Horse Collar
25:59 Long Swordsman
28:27 Padded Archer Armor
31:15 Bow Saw
34:03 Fletching
34:57 Heavy Plow
35:44 Scale Mail Armor
36:58 Chain Mail Armor
37:47 Caravan
40:07 Gold Mining
40:10 Stone Mining
41:22 Wheelbarrow
40:32 Town Watch
42:18 Yeomen
45:35 Imperial Age
43:36 Leather Archer Armor
43:31 Forging
44:04 Bodkin Arrow
44:53 Gold Shaft Mining
44:45 Ballistics
46:51 Ring Archer Armor
45:59 Elite Longbowman
47:23 Two-Handed Swordsman
47:23 Halberdier
48:36 Champion
51:53 Chemistry
50:55 Bracer
50:56 Arson
51:48 Gambesons
52:04 Squires
53:34 Hand Cart
53:19 Town Patrol
53:32 Siege Engineers
57:44 Warwolf
58:16 Plate Mail Armor
65:16 Iron Casting
72:43 Blast Furnace
72:45 Guilds
109:51 Onager
Ancica
0:27 Loom
12:05 Feudal Age
12:30 Double-Bit Axe
20:12 Castle Age
21:32 Bow Saw
21:46 Fletching
23:02 Gold Mining
23:56 Bodkin Arrow
25:28 Wheelbarrow
24:39 Town Watch
26:02 Forging
25:57 Scale Barding Armor
30:05 Imperial Age
28:03 Stone Mining
29:16 Iron Casting
29:20 Gold Shaft Mining
30:34 Husbandry
31:41 Conscription
31:35 Chivalry
32:29 Hand Cart
33:04 Cavalier
33:49 Caravan
34:52 Paladin
37:36 Blast Furnace
37:19 Fortified Wall
37:08 Murder Holes
37:42 Ballistics
38:25 Chemistry
38:24 Chain Barding Armor
39:41 Murder Holes
39:53 Siege Engineers
41:11 Plate Barding Armor
41:15 Scale Mail Armor
43:08 #83
43:20 Chain Mail Armor
44:01 Elite Throwing Axeman
46:16 Plate Mail Armor
47:41 Hoardings
59:44 Squires
59:33 Arson
61:57 Padded Archer Armor
63:28 Leather Archer Armor
62:39 Elite Skirmisher
68:05 Masonry
78:17 Onager
Foxy_Leo
0:39 Loom
12:45 Feudal Age
14:39 Horse Collar
15:29 Double-Bit Axe
21:35 Castle Age
20:27 Stone Mining
20:29 Gold Mining
22:06 Forging
23:09 Bow Saw
25:10 Heavy Plow
31:12 Wheelbarrow
31:06 Bloodlines
33:39 Imperial Age
31:27 Fortified Wall
31:48 Town Watch
32:39 Husbandry
33:40 Caravan
34:19 Iron Casting
35:42 Chemistry
35:36 Gold Shaft Mining
35:55 Conscription
35:38 Grand Trunk Road
35:12 Heavy Camel Rider
36:43 Hand Cart
38:05 Two-Man Saw
39:08 Blast Furnace
39:21 Shatagni
39:45 Town Patrol
40:12 Fletching
40:53 Bodkin Arrow
41:44 Stone Shaft Mining
41:24 Thumb Ring
41:54 Bracer
43:53 Padded Archer Armor
43:19 Imperial Camel Rider
44:07 Scale Barding Armor
44:19 Light Cavalry
44:39 Elite Skirmisher
46:50 Leather Archer Armor
46:56 Chain Barding Armor
49:23 Elite Ghulam
53:03 Scale Mail Armor
53:34 Ring Archer Armor
53:33 Hussar
59:27 Chain Mail Armor
59:48 Plate Barding Armor
66:24 Ballistics
66:11 Siege Engineers
66:17 Masonry
Connection lost

Rejoining the realm…

Still unreachable

The connection could not be restored.

Session expired

The server has moved on; the page needs a fresh start.